 Seeded DCSS version 0.27-a0-1272-g7c8ad2e (webtiles) character file.

Game seed: 3375557939289291370 (custom seed)

5063 AmazingTV the Covert (level 10, -8/47 HPs)
             Began as a Spriggan Abyssal Knight on June 11, 2021.
             Was an Elder of Lugonu.
             Mangled by an ogre
             ... wielding a +0 giant club
              (31 damage)
             ... on level 8 of the Dungeon.
             The game lasted 00:31:42 (10159 turns).

AmazingTV the Covert (Spriggan Abyssal Knight)     Turns: 10159, Time: 00:31:43

Health: -8/47      AC:  2    Str: 10    XL:     10   Next: 31%
Magic:  12/12      EV: 23    Int: 14    God:    Lugonu [****..]
Gold:   507        SH:  0    Dex: 16    Spells: 9/9 levels left

rFire    . . .     SeeInvis +   a - +1 dagger (distort)
rCold    . . .     Faith    .   (shield restricted)
rNeg     . . .     Spirit   .   b - +0 robe
rPois    .         Reflect  .   (helmet restricted)
rElec    .         Harm     .   (no cloak)
rCorr    .         Rampage  .   (gloves unavailable)
Will     ++...                  (boots unavailable)
Stlth    ++++++....             e - amulet of the acrobat
HPRegen  0.15/turn              A - ring of willpower
MPRegen  0.13/turn              (no ring)

@: very quick
A: very small, no large weapons, unfitting armour, see invisible, speed 3
a: Renounce Religion, Depart the Abyss, Bend Space, Banish, Corrupt


You were on level 8 of the Dungeon.
You worshipped Lugonu.
Lugonu was greatly pleased with you.
You visited 1 branch of the dungeon, and saw 8 of its levels.
You visited the Abyss 1 time.

You collected 507 gold pieces.

Inventory:

Hand Weapons
 a - a +1 dagger of distortion (weapon)
 c - a +1 hand axe
Missiles
 h - 85 sling bullets
 l - 27 poisoned darts
 q - 3 throwing nets (quivered)
 F - a curare-tipped dart
Armour
 b - a +0 robe (worn)
 r - a +0 animal skin
Jewellery
 e - an amulet of the acrobat (around neck)
 f - a ring of fire
 A - a ring of willpower (left hand)
 D - a ring of ice
Wands
 B - a wand of paralysis (8)
Scrolls
 d - 9 scrolls of identify {unknown}
 g - a scroll of fog {unknown}
 i - a scroll of noise {unknown}
 j - 2 scrolls of immolation {unknown}
 k - a scroll of vulnerability {unknown}
 m - a scroll of blinking {unknown}
 n - a scroll of enchant armour {unknown}
 o - a scroll of holy word {unknown}
 p - 2 scrolls of amnesia {unknown}
 u - a scroll of enchant weapon {unknown}
 v - 3 scrolls of teleportation {unknown}
 y - 2 scrolls of brand weapon {unknown}
Potions
 s - 3 potions of curing {unknown}
 t - 2 potions of lignification {unknown}
 w - a potion of resistance {unknown}
 x - a potion of ambrosia {unknown}
 z - a potion of haste {unknown}
 C - a potion of attraction {unknown}
 E - a potion of berserk rage {unknown}


   Skills:
 - Level 2.6 Fighting
 * Level 10.4 Short Blades
 - Level 1.6 Axes
 + Level 9.4 Dodging
 * Level 14.2 Stealth
 - Level 1.8 Invocations


You had 9 spell levels left.
You didn't know any spells.
Your spell library contained the following spells:

 Spells                   Type           Power      Damage    Failure   Level
 Magic Dart               Conj           0%         1d3       28%         1
 Blink                    Tloc           N/A        N/A       41%         2
 Call Imp                 Summ           0%         N/A       41%         2
 Slow                     Hex            0%         N/A       41%         2
 Conjure Flame            Conj/Fire      0%         6-21      65%         3
 Mephitic Cloud           Conj/Pois/Air  0%         N/A       65%         3
 Cause Fear               Hex            0%         N/A       96%         4
 Lightning Bolt           Conj/Air       0%         1d11      100%        5
 Silence                  Hex/Air        0%         N/A       100%        5
 Yara's Violent Unravell  Hex/Tmut       0%         3d3       100%        5
 Orb of Destruction       Conj           0%         N/A       100%        7
 Summon Hydra             Summ           0%         N/A       100%        7
 Discord                  Hex            0%         N/A       100%        8


Dungeon Overview and Level Annotations

Branches:
Dungeon (8/15)             Temple (0/1) D:6
   Lair: D:8-11

Altars:
Cheibriados
Dithmenos
Elyvilon
Fedhas
Gozag
Hepliaklqana
Qazlal
Trog
Vehumet
Xom
Yredelemnul
The Shining One

Shops:
D:2 [

Annotations:
D:4 Pikel
D:6 1 runed translucent door, Daza99's ghost, amateur MfAM


Innate Abilities, Weirdness & Mutations

You are very small and have problems with some larger weapons.
You are too small for most types of armour.
You have supernaturally acute eyesight. (SInv)
You cover ground extremely quickly. (Speed+++)


Message History

You hit the kobold brigand but do no damage.
Space warps horribly around the kobold brigand!
You kill the kobold brigand!
Lugonu accepts your kill. The gnoll shaman barely misses you.
The gnoll shaman completely misses you.
There is an open door here.
The gnoll shaman misses you.
You completely miss the gnoll shaman.
The gnoll shaman is heavily wounded.
You hit the gnoll shaman.
Space bends around the gnoll shaman.
The gnoll shaman is severely wounded.
The gnoll shaman closely misses you.
You hit the gnoll shaman but do no damage.
Space warps horribly around the gnoll shaman!
You kill the gnoll shaman!
Lugonu accepts your kill.
There is an open door here.
There is an open door here.
Items here: )) ÷ †.
You close the door.
There is an open door here.
You close the door.
There is an open door here.
You close the door. 2 ogres come into view.
A gnoll comes into view. It is wielding a +0 halberd.
There is an open door here.
The gnoll shouts!
The ogre shouts!
You hear a shout!
The gnoll hits you from afar with a +0 halberd.
The ogre completely misses you.
There is an open door here.
You hit the ogre but do no damage.
Space bends around the ogre.
The ogre is lightly wounded.
The gnoll completely misses you.
You hit the ogre.
Space bends around the ogre!
The ogre is moderately wounded.
The ogre hits you with a +0 giant club!!
Ouch! That really hurt!
You die...

...(†###.#
......######## ####
......)..[.... ...
...≈≈≈≈≈≈≈≈≈≈≈ ≈≈≈
...≈≈≈≈≈≈≈≈≈≈≈ ≈≈
...≈≈≈≈≈≈≈≈≈≈≈ #####
.............. #g..#
'''#############OO.#
...#...........#@#
...+...........'.#
...#...........#.#
################.#
..... ..# ..o.. ..#
o...$ #.#


gg... #.# ##### .# You could see 2 ogres and a gnoll.

Vanquished Creatures
  Prince Ribbit (D:6)
  Grinder (D:4)
  A wyvern (D:7)
  A steam dragon (D:8)
  3 water moccasins (D:6)
  2 sky beasts
  3 necrophages (D:6)
  6 ogres
  A phantom (D:5)
  2 bullfrogs
  5 kobold brigands
  A water moccasin zombie (D:6)
  6 howler monkeys
  3 wights
  2 bullfrog zombies
  3 jellies
  4 orc priests
  Crazy Yiuf (D:6)
  A bullfrog skeleton (D:5)
  A gnoll shaman (D:8)
  2 centaur skeletons
  3 centaur zombies (D:6)
  3 hounds
  A scorpion zombie (D:5)
  6 orc wizards
  A killer bee zombie (D:7)
  A hound zombie (D:5)
  4 hound skeletons
  3 howler monkey zombies
  4 gnolls (D:8)
  4 adders
  An ufetubus (D:7)
  An adder skeleton (D:4)
  3 worms
  3 dart slugs
  16 orcs
  4 bats
  9 endoplasms
  3 giant cockroaches
  10 goblins
  7 hobgoblins
  11 jackals
  2 quokkas
  4 ball pythons
  7 frilled lizards
  16 kobolds
  A rat (D:1)
  A bush (D:6)
179 creatures vanquished.

Vanquished Creatures (others)
  A human (D:8)
  An orc priest (D:8)
  A gnoll (D:8)
  A bat (D:1)
  A fungus (D:6)
  12 plants
17 creatures vanquished.

Grand Total: 196 creatures vanquished

Notes
Turn   | Place    | Note
-------+----------+-------------------------------------------
     0 | Abyss:1  | AmazingTV the Spriggan Abyssal Knight began the quest for
                  | the Orb.
     0 | Abyss:1  | Reached XP level 1. HP: 11/11 MP: 3/3
    39 | D:1      | Escaped the Abyss
   258 | D:1      | Found a faded altar of an unknown god.
   322 | D:1      | Reached XP level 2. HP: 13/16 MP: 4/4
   324 | D:1      | Reached skill level 1 in Stealth
   630 | D:1      | Reached skill level 1 in Short Blades
   846 | D:1      | Reached ** piety under Lugonu
   859 | D:1      | Reached skill level 2 in Stealth
   988 | D:1      | Reached XP level 3. HP: 19/19 MP: 5/5
  1263 | D:2      | Reached skill level 3 in Stealth
  1347 | D:2      | Reached XP level 4. HP: 19/23 MP: 6/6
  1473 | D:2      | Found Reesocobb's Armour Boutique.
  1898 | D:3      | Reached *** piety under Lugonu
  2149 | D:3      | Reached skill level 4 in Stealth
  2238 | D:3      | Reached XP level 5. HP: 26/27 MP: 7/7
  2458 | D:3      | HP: 1/27 [orc priest/+0 hand axe (7)]
  2966 | D:3      | Found a stormy altar of Qazlal.
  3242 | D:3      | Found a radiant altar of Vehumet.
  3318 | D:4      | Reached skill level 5 in Stealth
  3360 | D:4      | Reached XP level 6. HP: 22/32 MP: 8/8
  3460 | D:4      | Reached skill level 6 in Stealth
  3726 | D:4      | Noticed Pikel
  3826 | D:4      | Found a bloodstained altar of Trog.
  4036 | D:4      | Found a snail-covered altar of Cheibriados.
  4091 | D:4      | Reached skill level 5 in Dodging
  4259 | D:4      | Noticed Grinder
  4287 | D:4      | Killed Grinder
  4288 | D:4      | Reached skill level 5 in Short Blades
  4288 | D:4      | Reached skill level 7 in Stealth
  4288 | D:4      | Reached XP level 7. HP: 29/35 MP: 9/9
  4469 | D:5      | Entered Level 5 of the Dungeon
  4550 | D:5      | Reached skill level 8 in Stealth
  4960 | D:5      | Reached XP level 8. HP: 18/39 MP: 10/10
  5124 | D:5      | Reached **** piety under Lugonu
  5177 | D:5      | Reached skill level 9 in Stealth
  5206 | D:5      | Found an opulent altar of Gozag.
  6248 | D:6      | Reached skill level 10 in Stealth
  6280 | D:6      | Found a hazy altar of Hepliaklqana.
  6313 | D:6      | Found a runed translucent door.
  6313 | D:6      | Found a shimmering altar of Xom.
  6313 | D:6      | Noticed Daza99's ghost (amateur MfAM)
  6314 | D:6      | Noticed a +1 dagger of chaos
  6314 | D:6      | Noticed Prince Ribbit
  6632 | D:6      | Found a runed translucent door.
  6633 | D:6      | Noticed Crazy Yiuf
  6645 | D:6      | Killed Crazy Yiuf
  7087 | D:5      | Reached skill level 11 in Stealth
  7321 | D:6      | Reached XP level 9. HP: 38/43 MP: 11/11
  7387 | D:6      | Killed Prince Ribbit
  7584 | D:6      | Found a white marble altar of Elyvilon.
  7707 | D:6      | Found a staircase to the Ecumenical Temple.
  7876 | D:6      | Found a glowing golden altar of the Shining One.
  7953 | D:6      | Found a shadowy altar of Dithmenos.
  8178 | D:6      | Found a blossoming altar of Fedhas.
  8209 | D:6      | Reached skill level 12 in Stealth
  8610 | D:7      | Identified the Collected Works on the Entourage and Attacks
  9009 | D:7      | Reached skill level 13 in Stealth
  9533 | D:8      | Found a runed translucent door.
  9537 | D:8      | Found a basalt altar of Yredelemnul.
  9591 | D:8      | Noticed a two-headed ogre
  9613 | D:8      | Banished a two-headed ogre
  9614 | D:8      | Reached skill level 10 in Short Blades
  9614 | D:8      | Reached XP level 10. HP: 47/47 MP: 12/12
  9716 | D:8      | Reached skill level 14 in Stealth
 10081 | D:8      | Noticed a two-headed ogre
 10159 | D:8      | Mangled by an ogre

Illustrated notes

Levels and vault maps discovered:
D:1:      dpeg_arrival_three_smaller_balls, layout_rooms,
          hellmonk_ecumenical_altar_prayer_group, minmay_split_cup_large
D:2:      layout_rooms, serial_shops, nicolae_shop_crystal
D:3:      layout_basic, lemuel_coloured_pillars_altar,
          nicolae_overflow_hidden_temple
D:4:      layout_basic, trog_hazing_becter, slow_altar_1, uniq_pikel,
          uniq_grinder
D:5:      layout_gridville, amcnicky_altar_gilded
D:6:      layout_rooms, fedhas_altar_decomposition,
          nicolae_overflow_crystal_walls, nicolae_hepliaklqana_hippocampus,
          nicolae_dithmenos_shadow_blocks, elyvilon_altar_5,
          minmay_temple_entry_from_below_a, ebering_ghost_xom,
          uniq_crazy_yiuf_cottage, uniq_prince_ribbit1
D:7:      layout_basic, kennysheep_donut, minmay_misc_feat_pillars
D:8:      lemuel_castle_with_subvaults [lemuel_castle_interior_carwin_1],
          layout_cave_pools, dk_yredelemnul_ordeal, serial_shops, shop,
          guppyfry_early_elven_hall

Skill      XL: |  1  2  3  4  5  6  7  8  9 10 |
---------------+-------------------------------+-----
Stealth        | 2 3 4 5 7 8 11 13 14 | 14.2
Short Blades   | 1 2 3 5 6 7 10 | 10.4
Dodging        | 4 5 6 7 9 |  9.4
Fighting       | |  2.6
Axes           | |  1.6
Invocations    | |  1.8

Action                   |  1- 3 |  4- 6 |  7- 9 | 10-12 || total
-------------------------+-------+-------+-------+-------++-------
Melee: Hand axe          |    13 |       |       |       ||    13
       Dagger            |    96 |   164 |   349 |    61 ||   670
Throw: Throwing net      |       |     1 |     2 |       ||     3
 Stab: Sleeping          |     3 |     3 |    13 |     6 ||    25
       Held in net/web   |       |     1 |     1 |       ||     2
       Distracted        |       |       |     2 |     1 ||     3
Armor: Robe              |     5 |     4 |    12 |     1 ||    22
Dodge: Dodged            |    81 |   116 |   194 |    28 ||   419

Table legend: (Time is in decaauts)
 A = Elapsed time spent in this place.
 B = Non-inter-level travel time spent in this place.
 C = Inter-level travel time spent in this place.
 D = Time resting spent in this place.
 E = Time spent auto-exploring this place.
 F = Levels seen in this place.
 G = Mean time per level.
                   A        B        C        D        E       F      G
               +--------+--------+--------+--------+--------+-----+--------+
         Total |   7916 |   7602 |    314 |   3837 |   2281 |   9 |  879.6 |
       Dungeon |   7892 |   7578 |    314 |   3837 |   2259 |   8 |  986.5 |
         Abyss |     23 |     23 |      0 |      0 |     22 |   1 |   23.0 |
               +--------+--------+--------+--------+--------+-----+--------+

Top non-repeatable levels by time:
     D:5: 1621 daAuts
     D:6: 1267 daAuts
     D:4: 1031 daAuts
     D:2: 959 daAuts
     D:1: 953 daAuts
     D:3: 800 daAuts
     D:7: 717 daAuts
     D:8: 541 daAuts
 Abyss:1: 23 daAuts
